 Dungeon Crawl Stone Soup version 0.31-a0-819-gf6de2f5ab6 (webtiles) character file.

Game seed: 8214397236763854020

1025 qw the Skirmisher (level 8, -11/49 HPs)
             Began as a Gargoyle Hunter on Sept 23, 2023.
             Killed by divine providence
             ... invoked by an orc priest
              (12 damage)
             ... on level 5 of the Dungeon.
             The game lasted 00:01:50 (3908 turns).

qw the Skirmisher (Gargoyle Hunter)                 Turns: 3908, Time: 00:01:50

Health: -11/49     AC: 14    Str: 15    XL:     8   Next: 23%
Magic:  8/8        EV: 11    Int: 10    God:
Gold:   250        SH:  5    Dex: 15    Spells: 7/7 levels left

rFire   . . .        Y - +0 shortbow
rCold   . . .        (shield currently unavailable)
rNeg    + . .        a - +0 ring mail
rPois   inf          d - +1 helmet
rElec   +            (no cloak)
rCorr   .            l - +0 pair of gloves
SInv    .            (no boots)
Will    .....        i - amulet of reflection
Stlth   +            (no ring)
HPRegen 0.28/turn    (no ring)
MPRegen 0.11/turn

%: reflection
@: no status effects
A: sickness immunity, AC +5, negative energy resistance 1, electricity
resistance, torment resistance 1, petrification resistance
a: no special abilities


You were on level 5 of the Dungeon.
You visited 2 branches of the dungeon, and saw 6 of its levels.

You collected 250 gold pieces.


Innate Abilities, Weirdness & Mutations

You are immune to sickness and miasma.
Your stone body is resilient. (AC +5)
You are immune to poison.
You resist negative energy. (rN+)
You are resistant to electric shocks. (rElec)
You are resistant to unholy torment.
You are immune to petrification.


   Skills:
 - Level 5.1 Fighting
 + Level 8.4 Ranged Weapons
 - Level 2.2 Armour
 - Level 2.9 Dodging
 - Level 1.1 Stealth


You had 7 spell levels left.
You didn't know any spells.
Your spell library was empty.

Inventory:

Hand Weapons
 Y - a +0 shortbow (weapon)
Armour
 a - a +0 ring mail (worn)
 d - a +1 helmet (worn)
 g - a +4 ring mail
 l - a +0 pair of gloves (worn)
Jewellery
 i - an amulet of reflection (around neck)
 m - a +5 ring of evasion
Wands
 k - a wand of digging (5)
Scrolls
 b - 2 scrolls of identify
 j - a scroll of poison {unknown}
 n - a scroll of revelation {unknown}
 o - a scroll of enchant armour {unknown}
Potions
 c - 2 potions of curing
 e - a potion of mutation
 f - a potion of might
 h - a potion of brilliance {unknown}

Dungeon Overview and Level Annotations

Branches:
Dungeon (5/15)             Temple (1/1) D:4

Altars:
Ashenzari
Cheibriados
Dithmenos
Elyvilon
Gozag
Hepliaklqana
Kikubaaqudgha
Qazlal
Trog
Uskayaw
Vehumet
Xom
Yredelemnul
The Shining One


Message History

The sleepcap is almost destroyed.
The sleepcap releases spores at you!
The orc priest invokes the aid of Beogh against you.
Beogh smites you!
You shoot an arrow. The arrow hits the sleepcap!
You destroy the sleepcap!
The orc hits you but does no damage. Something hits you.
You shoot an arrow. The arrow hits the orc.
The orc is moderately wounded.
The orc misses you. Something hits you but does no damage.
The orc barely misses you.
You shoot an arrow. The arrow hits the orc!
You kill the orc!
Something hits you.
You shoot an arrow. The arrow closely misses the orc.
Something hits you but does no damage. The orc misses you.
You shoot an arrow. The arrow hits the orc priest.
The orc priest is lightly wounded.
The orc priest hits you but does no damage.
Something hits you but does no damage. The orc misses you.
You shoot an arrow.
The arrow hits the orc priest but does no damage.
The orc priest is lightly wounded.
The orc priest barely misses you.
The orc priest calls upon Beogh to heal the orc priest.
The orc priest's wounds heal themselves!
Something hits you but does no damage. The orc hits you but does no damage.
You hear some strange, mumbled words.
A magic dart appears from out of thin air!
The magic dart hits you!
The orc priest looks encouraged for a moment.
You shoot an arrow.
The arrow closely misses the orc priest.
The arrow hits the orc priest.
The orc priest is lightly wounded.
The orc hits you but does no damage. You block the orc priest's attack.
Something hits you but does no damage.
The orc priest invokes the aid of Beogh against you.
Beogh smites you!
You die... ##.. o.o

#.# ###.o #.# .# .
.... ... ..# ... #o.
#.# #.. ..).#{o###
#.# #.# #. .........#
#.# #.# ..
....#..#.###.# #.# #.
. #....oo@.####|# ..
##
#.##..{o......######.
#. .# #.
#########......... #.
.# #. #.#######. ##
.# # #.# ### %#
####.# # #.. .#
#..))# #.#.# .#
#.#### #.#.# .# #.#
#....


You could see 2 orc priests and an orc.

Vanquished Creatures
  A wraith (D:5)
  Menkaure (D:5)
  5 scorpions
  2 hounds
  An orc priest (D:5)
  A sleepcap (D:5)
  3 iguanas
  2 orc wizards (D:5)
  7 gnolls
  6 adders
  An ufetubus (D:4)
  A dart slug (D:1)
  11 orcs
  2 bats
  7 endoplasms
  A giant cockroach (D:1)
  3 goblins
  6 hobgoblins
  3 jackals (D:1)
  9 kobolds
  2 quokkas
  6 ball pythons
  4 frilled lizards
  8 rats
93 creatures vanquished.

Notes
Turn   | Place    | Note
-------+----------+-------------------------------------------
     0 | D:1      | qw the Gargoyle Hunter began the quest for the Orb.
     0 | D:1      | Reached XP level 1. HP: 12/12 MP: 1/1
     0 | D:1      | 0 ||| qw: Version: 0.3-a-83-gcd0e7d8
     0 | D:1      | 0 ||| qw: Game counter: 1383
     0 | D:1      | 0 ||| qw: Melee chars always use a shield: true
     0 | D:1      | 0 ||| qw: God list: Okawaru
     0 | D:1      | 0 ||| qw: Allow faded altars: false
     0 | D:1      | 0 ||| qw: Do Orc after clearing Dungeon:15 true
     0 | D:1      | 0 ||| qw: Do second Lair branch before Depths: true
     0 | D:1      | 0 ||| qw: Lair rune preference: random
     0 | D:1      | 0 ||| qw: Goals: Normal
     0 | D:1      | 0 ||| PLANNING D:1-11
    55 | D:1      | You fall into a shaft and drop 1 floor!
    65 | D:2      | 65 ||| DROPPING scarf of invisibility.
    66 | D:2      | 66 ||| READING scroll labelled XAIHOO CIROI.
    67 | D:2      | 67 ||| READING scroll labelled MATHRIL FIOTZIU.
    68 | D:2      | 68 ||| DROPPING scroll of butterflies.
   110 | D:1      | Reached XP level 2. HP: 17/17 MP: 2/2
   683 | D:1      | Reached XP level 3. HP: 21/21 MP: 3/3
   700 | D:1      | 700 ||| UPGRADING to +0 ring mail.
   710 | D:1      | 710 ||| DROPPING +0 leather armour.
   711 | D:1      | 711 ||| UPGRADING to +1 helmet.
   716 | D:1      | 716 ||| READING scroll labelled CAHOYS VOYBLYST.
   719 | D:1      | 719 ||| READING scroll labelled JYNLIGOIST.
   720 | D:1      | 720 ||| READING scroll labelled ERO CESAITUL.
   997 | D:2      | Found a stormy altar of Qazlal.
  1057 | D:2      | Reached skill level 1 in Armour
  1253 | D:2      | Reached skill level 5 in Ranged Weapons
  1255 | D:2      | 1255 ||| RETREEAATING.
  1256 | D:2      | 1256 ||| STILL RETREEAATING.
  1257 | D:2      | 1257 ||| STILL RETREEAATING.
  1258 | D:2      | 1258 ||| STILL RETREEAATING.
  1268 | D:2      | Reached XP level 4. HP: 19/27 MP: 4/4
  1278 | D:2      | Reached skill level 3 in Fighting
  1535 | D:2      | 1535 ||| DRINKING 2 cyan potions.
  1536 | D:2      | 1536 ||| DRINKING 2 yellow potions.
  1640 | D:2      | 1640 ||| READING 6 scrolls of identify.
  1640 | D:2      | 1640 ||| IDENTIFYING white potion
  1641 | D:2      | 1641 ||| DROPPING potion of berserk rage.
  2000 | D:3      | Reached XP level 5. HP: 32/32 MP: 5/5
  2168 | D:3      | Reached skill level 6 in Ranged Weapons
  2380 | D:3      | 2380 ||| UPGRADING to amulet of regeneration.
  2385 | D:3      | 2385 ||| READING scroll labelled BOCIPA RICS.
  2386 | D:3      | 2386 ||| DRINKING 2 sedimented emerald potions.
  2387 | D:3      | 2387 ||| READING 6 scrolls of identify.
  2387 | D:3      | 2387 ||| IDENTIFYING grey potion
  2388 | D:3      | 2388 ||| READING 5 scrolls of identify.
  2388 | D:3      | 2388 ||| IDENTIFYING bubbling yellow potion
  2389 | D:3      | 2389 ||| READING 4 scrolls of identify.
  2389 | D:3      | 2389 ||| IDENTIFYING fuming purple potion
  2390 | D:3      | 2390 ||| DROPPING potion of invisibility.
  2391 | D:3      | 2391 ||| DROPPING potion of magic.
  2392 | D:3      | 2392 ||| DROPPING potion of degeneration.
  2432 | D:4      | Found a staircase to the Ecumenical Temple.
  2433 | D:4      | 2433 ||| PLANNING TEMPLE
  2433 | D:4      | 2433 ||| READING 3 scrolls of identify.
  2433 | D:4      | 2433 ||| IDENTIFYING golden potion
  2442 | Temple   | Found a transporter.
  2442 | Temple   | Found a transporter.
  2442 | Temple   | Found a transporter.
  2442 | Temple   | Found a transporter.
  2442 | Temple   | Entered the Ecumenical Temple
  2443 | Temple   | 2443 ||| PLANNING D:1-11
  2719 | D:4      | Reached XP level 6. HP: 26/38 MP: 6/6
  3114 | D:4      | Reached skill level 7 in Ranged Weapons
  3253 | D:4      | 3253 ||| UPGRADING to +0 pair of gloves.
  3258 | D:4      | 3258 ||| UPGRADING to amulet of reflection.
  3268 | D:4      | 3268 ||| DROPPING amulet of regeneration.
  3269 | D:4      | 3269 ||| READING 2 scrolls of identify.
  3269 | D:4      | 3269 ||| IDENTIFYING sedimented purple potion
  3270 | D:4      | 3270 ||| DROPPING potion of lignification.
  3297 | D:5      | Entered Level 5 of the Dungeon
  3377 | D:5      | 3377 ||| Stepping ~*~*~tactically~*~*~ (retreating).
  3384 | D:5      | Reached XP level 7. HP: 31/43 MP: 7/7
  3395 | D:5      | 3395 ||| FLEEEEING.
  3396 | D:5      | 3396 ||| FLEEEEING.
  3397 | D:5      | 3397 ||| FLEEEEING.
  3398 | D:5      | 3398 ||| FLEEEEING.
  3399 | D:5      | 3399 ||| FLEEEEING.
  3400 | D:5      | 3400 ||| FLEEEEING.
  3404 | D:5      | 3404 ||| FLEEEEING.
  3405 | D:5      | 3405 ||| FLEEEEING.
  3406 | D:5      | 3406 ||| FLEEEEING.
  3407 | D:5      | 3407 ||| FLEEEEING.
  3408 | D:5      | 3408 ||| FLEEEEING.
  3409 | D:5      | 3409 ||| DRINKING potion of curing.
  3409 | D:5      | 3409 ||| (to cure confusion)
  3483 | D:5      | Noticed Menkaure
  3489 | D:5      | Killed Menkaure
  3490 | D:5      | Reached skill level 8 in Ranged Weapons
  3720 | D:5      | Noticed a wraith
  3753 | D:5      | HP: 8/44 [wraith (6)]
  3754 | D:5      | 3754 ||| DRINKING potion of heal wounds.
  3756 | D:5      | Killed a wraith
  3757 | D:5      | Reached XP level 8. HP: 37/49 MP: 8/8
  3886 | D:5      | 3886 ||| RETREEAATING.
  3889 | D:5      | 3889 ||| RETREEAATING.
  3890 | D:5      | 3890 ||| STILL RETREEAATING.
  3893 | D:5      | 3893 ||| Stepping ~*~*~tactically~*~*~ (retreating).
  3896 | D:5      | 3896 ||| Stepping ~*~*~tactically~*~*~ (retreating).
  3902 | D:5      | HP: 12/49 [something (2)]
  3907 | D:5      | HP: 1/49 [something/magic dart (9)]
  3908 | D:5      | Killed from afar by an orc priest

Levels and vault maps discovered:
D:1:      psy_arrival_heroes, layout_basic
D:2:      layout_loops_ring, basic_altar, wander_ebering_terrifying_dragon_lair
D:3:      layout_loops_ring, chequers_serial_rivers_micro_a
D:4:      layout_basic, minmay_temple_entry_junction
D:5:      layout_loops_ring, uniq_menkaure
Temple:   hellmonk_temple_divided_pantheon

Skill      XL: |  1  2  3  4  5  6  7 |
---------------+----------------------+-----
Armour         | 1 2 |  2.2
Ranged Weapons | 5 6 7 8 |  8.4
Fighting       | 3 4 5 |  5.1
Dodging        | 2 |  2.9
Stealth        | |  1.1

Action                     |  1- 3 |  4- 6 |  7- 9 || total
---------------------------+-------+-------+-------++-------
   Fire: Shortbow          |    88 |   224 |   133 ||   445
    Use: Scroll            |     5 |     7 |       ||    12
         Potion            |       |     3 |     2 ||     5
 Armour: Leather armour    |    21 |       |       ||    21
         Ring mail         |     7 |   113 |    62 ||   182
  Dodge: Dodged            |    15 |    84 |    42 ||   141
  Block: Other             |       |     4 |    19 ||    23

Table legend:
 A = Non-vault XP
 B = Vault XP
 C = Vault XP percentage of total XP
 D = Non-vault monster count
 E = Vault monster count
 F = Vault count percentage of total count
                 A         B        C        D         E       F
            +---------+---------+-------+---------+---------+-------
      Total |    1299 |     166 |  11.3 |      91 |       2 |   2.2
            +---------+---------+-------+---------+---------+-------
        D:1 |      29 |       0 |   0.0 |      17 |       0 |   0.0
        D:2 |      82 |       1 |   1.2 |      21 |       1 |   4.5
        D:3 |     138 |       0 |   0.0 |      23 |       0 |   0.0
        D:4 |     279 |       0 |   0.0 |      11 |       0 |   0.0
        D:5 |     771 |     165 |  17.6 |      19 |       1 |   5.0
            +---------+---------+-------+---------+---------+-------
